 Dungeon Crawl Stone Soup version 0.28.0-53-g5a82cb258f (console) character file.

Game seed: 4318768798559574132

2242 erker the Transmogrifier (level 9, -12/51 HPs)
             Began as an Octopode Earth Elementalist on July 7, 2022.
             Was a Follower of Cheibriados.
             Mangled by a hornet (15 damage)
             ... on level 7 of the Dungeon.
             The game lasted 00:53:12 (8234 turns).

erker the Transmogrifier (OpEE)                     Turns: 8234, Time: 00:53:13

Health: -12/51     AC:  1    Str: 10    XL:     9   Next: 37%
Magic:  6/12       EV: 13    Int: 23    God:    Cheibriados [*.....]
Gold:   259        SH:  0    Dex: 14    Spells: 2/12 levels left

rFire   . . .      SeeInvis +   a - +0 dagger
rCold   . . .      Faith    .   (no shield)
rNeg    . . .      Spirit   .   (helmet restricted)
rPois   .          Reflect  .   (no amulet)
rElec   .          Harm     .   F - ring of flight
rCorr   .          Rampage  .   B - ring of see invisible
Will    .....                   (no ring)
Stlth   ++++......              (no ring)
HPRegen 0.17/turn               (no ring)
MPRegen 0.13/turn               (no ring)
                                (no ring)
                                (no ring)

@: lethally poisoned (-12 -> -27), flying, slowed, very slow
A: almost no armour, amphibious, 8 rings, camouflage 1, gelatinous body 1,
(nimble swimmer 1), tentacles
a: Renounce Religion, Bend Time


You were on level 7 of the Dungeon.
You worshipped Cheibriados.
Cheibriados was aware of your devotion.
You visited 1 branch of the dungeon, and saw 7 of its levels.
You also visited: Sewer and Ossuary.

You collected 343 gold pieces.
You spent 84 gold pieces at shops.

Inventory:

Hand Weapons
 a - a +0 dagger (weapon)
Missiles
 b - 84 stones
 o - 5 atropa-tipped darts
 D - 10 poisoned darts (quivered)
Jewellery
 e - a ring of ice
 B - a ring of see invisible (right tentacle)
 F - a ring of flight (left tentacle)
Wands
 x - a wand of flame (10)
 A - a wand of acid (16)
 G - a wand of digging (4)
Scrolls
 c - a scroll of torment {unknown}
 g - a scroll of fear {unknown}
 j - 3 scrolls of fog
 l - 2 scrolls of magic mapping
 m - 2 scrolls of teleportation
 q - 2 scrolls of vulnerability {unknown}
 w - 4 scrolls of enchant armour {unknown}
 y - a scroll of summoning {unknown}
 z - 2 scrolls of immolation {unknown}
 C - a scroll of amnesia {unknown}
Potions
 d - a potion of haste {unknown}
 f - 7 potions of curing
 h - 2 potions of ambrosia {unknown}
 i - 5 potions of magic
 k - 3 potions of brilliance {unknown}
 n - 2 potions of might {unknown}
 p - a potion of flight {unknown}
 r - 2 potions of attraction {unknown}
 s - 5 potions of heal wounds
 t - a potion of invisibility {unknown}
 u - 2 potions of lignification {unknown}
 v - a potion of mutation {unknown}
 E - 2 potions of cancellation {unknown}
 H - a potion of resistance {unknown}


   Skills:
 - Level 3.0 Short Blades
 - Level 2.0 Dodging
 - Level 4.0 Stealth
 - Level 2.0 Spellcasting
 - Level 6.0 Summonings
 - Level 8.0 Transmutations
 + Level 6.3 Earth Magic


You had 2 spell levels left.
You knew the following spells:

 Your Spells              Type           Power      Damage    Failure   Level
a - Sandblast             Erth           62%        2d14      1%          1
d - Call Canine Familiar  Summ           29%        N/A       3%          3
p - Petrify               Tmut/Erth      35%        N/A       7%          4
w - Passwall              Tmut/Erth      29%        N/A       1%          2

Your spell library contained the following spells:

 Spells                   Type           Power      Damage    Failure   Level
 Summon Small Mammal      Summ           100%       N/A       1%          1
 Stone Arrow              Conj/Erth      32%        3d9       11%         3
 Summon Guardian Golem    Hex/Summ       16%        N/A       11%         3
 Ozocubu's Armour         Ice            2%         N/A       36%         3
 Tukima's Dance           Hex            2%         N/A       36%         3
 Summon Forest            Summ/Tloc      8%         N/A       71%         5
 Summon Mana Viper        Hex/Summ       16%        N/A       71%         5
 Anguish                  Hex/Necr       1%         N/A       77%         4
 Summon Cactus Giant      Summ           14%        N/A       86%         6
 Enfeeble                 Hex            1%         N/A       100%        7
 Ozocubu's Refrigeration  Ice            1%         4d5       100%        7


Dungeon Overview and Level Annotations

Branches:
Dungeon (7/15)             Temple (0/1) D:5           Sewer (visited)
Ossuary (visited)

Altars:
Ashenzari
Cheibriados
Fedhas
Hepliaklqana
Kikubaaqudgha
Makhleb
Trog
Yredelemnul

Shops:
D:2 *   D:3 ::=?   D:5 *

Annotations:
D:4 1 exclusion
D:5 2 exclusions
D:6 exclusion: 2 steam dragons, Maggie
D:7 exclusions: cyclops and hornet


Innate Abilities, Weirdness & Mutations

You cannot wear most types of armour.
You are amphibious.
You can wear up to eight rings at the same time.
Your skin changes colour to match your surroundings (Stealth+).
Your rubbery body absorbs attacks. (AC +1, EV +1)
((You are camouflaged when in or above water. (Stealth+)))
You have tentacles for arms and can constrict up to eight enemies at once.


Message History

Press: ? - help, Shift-Dir - straight line, f - hornet
Aim: a hornet (wandering, hasn't noticed you, chance to affect: 54%)
Okay, then.
Unknown command.
What are your orders? t - Shout!
Orders for allies: a - Attack new target. r - Retreat! s - Stop attacking. g - Guard the area. f - Follow me.
Anything else - Cancel.
You shout for attention!
You hear an angry buzzing noise.
Casting: Petrify (dangerous; 7% risk of failure)
Confirm with . or Enter, or press ? or * to list all spells.
Aiming: Petrify (dangerous; 7% risk of failure)
Press: ? - help, Shift-Dir - straight line, f - hornet
Aim: a hornet (chance to affect: 54%)
The hornet resists with significant effort.
Casting: Petrify (dangerous; 7% risk of failure)
Confirm with . or Enter, or press ? or * to list all spells.
Aiming: Passwall (safe; 1% risk of failure)
Press: ? - help, Dir - move target, p - hornet A rock wall.
The hornet barely misses you. The hornet stings you!
You are poisoned.
You feel yourself slow down.
You begin to meditate on the wall.
You continue meditating on the rock.
You feel very sick. The hornet stings you!
You suddenly lose the ability to move!
The hornet stings you!
You are lethally poisoned!
You feel as though you will be slow longer.
You can move again.
You continue meditating on the rock.
* * * LOW HITPOINT WARNING * * *
You feel very sick. The hornet stings you!
* * * LOW HITPOINT WARNING * * *
You feel as though you will be slow longer.
The hornet stings you!
You die...

#### #>.#........#..#.#.# #.
...# ##.#..#####........# #.
##.# #.#..#####........# ##
#.# #.#..#........#...# ##.#
#.#..#.###....#...### ##.#
#.#..#............... ##.#
#.#..#..##.##.##.#### ##.#
##.#..#y.##.##.##.#
##.#######.....#@.##.......#
##................#####.####
....######..............#
###.# ##.############# #
#.#######.# #.........#
###########


You could see a hornet.

Vanquished Creatures
  Grinder (D:6)
  2 water moccasins (D:7)
  An ice beast (D:5)
  A black bear (D:7)
  2 necrophages (D:5)
  2 ogres
  2 phantoms
  A bullfrog (D:7)
  3 scorpions
  2 howler monkeys
  A bullfrog zombie (D:6)
  2 hounds (D:5)
  A jelly (D:5)
  3 centaur skeletons
  An iguana (D:4)
  3 orc wizards
  A killer bee zombie (D:7)
  3 mummies (Ossuary)
  13 adders
  A shadow imp (D:7)
  2 white imps
  An ufetubus (D:5)
  3 adder skeletons (D:4)
  4 worms
  A dart slug (D:1)
  13 orcs
  6 bats
  5 endoplasms (D:2)
  A giant cockroach (D:1)
  2 goblins
  3 hobgoblins
  3 jackals (D:3)
  6 kobolds
  5 quokkas
  7 ball pythons
  11 frilled lizards
  3 hobgoblin zombies (Ossuary)
  3 kobold zombies (Ossuary)
  7 rats
132 creatures vanquished.

Vanquished Creatures (collateral kills)
  An ogre (D:4)
  A centaur (D:5)
  An iguana (D:5)
  A howler monkey zombie (D:5)
  2 orcs (D:4)
  A ball python (D:4)
7 creatures vanquished.

Grand Total: 139 creatures vanquished

Notes
Turn   | Place    | Note
-------+----------+-------------------------------------------
     0 | D:1      | erker the Octopode Earth Elementalist began the quest for
                  | the Orb.
     0 | D:1      | Reached XP level 1. HP: 11/11 MP: 3/3
   110 | D:1      | Reached XP level 2. HP: 12/17 MP: 5/5
   300 | D:1      | Reached skill level 1 in Short Blades
   793 | D:2      | Learned a level 2 spell: Passwall
  1059 | D:2      | Reached XP level 3. HP: 21/21 MP: 4/6
  1065 | D:2      | Learned a level 3 spell: Call Canine Familiar
  1103 | D:2      | Reached skill level 1 in Summonings
  1278 | D:2      | Reached XP level 4. HP: 27/27 MP: 4/7
  1314 | D:2      | Found Hiorghon's General Store.
  1521 | D:2      | Bought a potion of curing for 36 gold pieces
  1521 | D:2      | Bought a potion of degeneration for 12 gold pieces
  1521 | D:2      | Bought a scroll of teleportation for 36 gold pieces
  1856 | D:3      | Reached XP level 5. HP: 31/31 MP: 5/8
  2010 | D:3      | Found Ciqiloy's Book Emporium.
  2070 | D:3      | Found Wocelybu's Book Shop.
  2124 | D:3      | Found Vear Cosh's Jewellery Boutique.
  2150 | D:3      | Found a faded altar of an unknown god.
  2229 | D:3      | Found Utoinki's Magic Scroll Shoppe.
  2448 | D:4      | Noticed an ogre
  2483 | D:4      | Killed an ogre
  2484 | D:4      | Reached XP level 6. HP: 36/36 MP: 0/9
  2766 | D:4      | Reached skill level 2 in Transmutations
  2794 | D:4      | Found a sand-covered staircase.
  2803 | Ossuary  | Entered an ossuary
  2803 | Ossuary  | Noticed a wraith
  2803 | Ossuary  | Noticed a wraith
  2803 | Ossuary  | Noticed a wraith
  3196 | Ossuary  | Noticed a wraith
  3628 | D:4      | Reached skill level 3 in Transmutations
  4158 | D:4      | Reached XP level 7. HP: 41/41 MP: 8/10
  4649 | D:4      | Reached skill level 4 in Transmutations
  4764 | D:4      | Identified the +2 cloak "Isaroir" {rC+ Will- Str+3 Stlth+}
  4932 | D:5      | Entered Level 5 of the Dungeon
  5030 | D:5      | Reached skill level 5 in Transmutations
  5107 | D:5      | Found Reroysyng's Lightly-Used Armoury.
  5153 | D:5      | Reached skill level 6 in Transmutations
  5153 | D:5      | Reached XP level 8. HP: 35/46 MP: 0/11
  5157 | D:5      | Found a staircase to the Ecumenical Temple.
  5172 | D:5      | Found a snail-covered altar of Cheibriados.
  5172 | D:5      | Found a broken altar of Ashenzari.
  5172 | D:5      | Found an ancient bone altar of Kikubaaqudgha.
  5175 | D:5      | Found a blossoming altar of Fedhas.
  5176 | D:5      | Became a worshipper of Cheibriados the Contemplative
  5207 | D:5      | Found a glowing drain.
  5211 | Sewer    | Entered a sewer
  5595 | D:5      | Reached skill level 5 in Summonings
  6269 | D:5      | Found a bloodstained altar of Trog.
  6283 | D:5      | Reached skill level 5 in Earth Magic
  6285 | D:5      | Found a burning altar of Makhleb.
  6313 | D:5      | Found a basalt altar of Yredelemnul.
  6317 | D:5      | Found a hazy altar of Hepliaklqana.
  6758 | D:6      | Noticed Grinder
  6764 | D:6      | Killed Grinder
  6765 | D:6      | Reached XP level 9. HP: 15/51 MP: 6/12
  6766 | D:6      | Noticed Maggie
  7013 | D:6      | Learned a level 4 spell: Petrify
  7343 | D:6      | Reached skill level 7 in Transmutations
  7505 | D:7      | Reached * piety under Cheibriados
  7802 | D:7      | Noticed a hornet
  7941 | D:7      | Noticed a cyclops
  8043 | D:7      | Reached skill level 8 in Transmutations
  8233 | D:7      | Paralysed by a hornet for 1 turns
  8234 | D:7      | Mangled by a hornet

Illustrated notes

Levels and vault maps discovered:
D:1:      grunt_arrival_crossed_arrows, layout_basic
D:2:      layout_rooms, serial_shops, shop, minmay_misc_feat_nine_boxes,
          hangedman_decor_lopped
D:3:      layout_basic, ebering_ecumenical_altar_rust, serial_shops, shop,
          nicolae_shop_behind_doors, shop,
          nicolae_shop_temple_entry_statues_fountains
D:4:      minmay_opposing_rooms, layout_basic,
          nicolae_ossuary_entry_false_entrances
D:5:      layout_basic, nicolae_overflow_hallway_of_the_gods,
          minmay_temple_entry_grid, gup_sewer_entry_bowl, hex_intersection,
          minmay_shop_damaged, grunt_decor_arrowhead
D:6:      layout_basic, nicolae_ru_path_of_blood, uniq_maggie, uniq_grinder
D:7:      layout_loops_ring, kennysheep_generic_room_4

Skill      XL: |  1  2  3  4  5  6  7  8  9 |
---------------+----------------------------+-----
Stealth        | 3 4 |  4.0
Short Blades   | 2 3 |  3.0
Summonings     | 1 3 4 6 |  6.0
Transmutations | 3 6 8 |  8.0
Earth Magic    | 4 6 |  6.3
Dodging        | |  2.0
Spellcasting   | |  2.0

Action                   |  1- 3 |  4- 6 |  7- 9 || total
-------------------------+-------+-------+-------++-------
Melee: Dagger            |    43 |    89 |    48 ||   180
       Constrict         |     6 |    28 |     9 ||    43
       Tentacles         |     9 |    23 |    14 ||    46
       Punch             |       |     2 |       ||     2
       Unarmed           |       |       |     5 ||     5
Throw: Dart              |       |       |     3 ||     3
       Stone             |       |       |     2 ||     2
 Cast: Sandblast         |    12 |    32 |    71 ||   115
       Passwall          |     1 |     6 |    11 ||    18
       Call Canine Famil |       |     6 |    25 ||    31
       Petrify           |       |       |     1 ||     1
Evoke: Wand              |       |       |     6 ||     6
  Use: Scroll            |       |       |     5 ||     5
 Stab: Sleeping          |    11 |    17 |    15 ||    43
       Distracted        |       |       |     2 ||     2
Armor: Skin              |     5 |     3 |     2 ||    10
Dodge: Dodged            |    14 |    34 |    48 ||    96
